 Dungeon Crawl Stone Soup version 0.20-a0-433-g9e36e56 (webtiles) character file.

690 Dharzhak the Chopper (level 7, 61/61 HPs)
             Began as a Minotaur Fighter on Jan 3, 2017.
             Was an Initiate of Gozag.
             Quit the game on level 5 of the Dungeon.
             The game lasted 00:10:04 (3738 turns).

Dharzhak the Chopper (Minotaur Fighter)             Turns: 3738, Time: 00:10:04

Health: 61/61      AC: 11    Str: 19    XL:     7   Next: 36%
Magic:  6/6        EV:  8    Int:  5    God:    Gozag
Gold:   189        SH: 10    Dex: 11    Spells: 6/6 levels left

rFire  . . .     SeeInvis .     a - +0 war axe
rCold  . . .     Gourm    .     b - +0 scale mail
rNeg   . . .     Faith    .     c - +0 shield
rPois  .         Spirit   .     (helmet unavailable)
rElec  .         Reflect  .     l - +0 cloak
rCorr  .         Harm     .     (no gloves)
MR     .....                    A - +0 pair of boots
Stlth  +.........               m - amulet of rage
                                w - +1 ring of protection
                                t - ring of stealth

@: no status effects
A: retaliatory headbutt, horns 3, deterioration 2, weak 1, wild magic 1,
MP-powered wands
a: Potion Petition, Call Merchant, Bribe Branch, Renounce Religion, Evoke
Berserk Rage


You were on level 5 of the Dungeon.
You worshipped Gozag.
Gozag was aware of your devotion.
You were not hungry.

You visited 2 branches of the dungeon, and saw 6 of its levels.

You collected 242 gold pieces.
You paid 53 gold pieces to Gozag.

Inventory:

Hand Weapons
 a - a +0 war axe (weapon)
Armour
 b - a +0 scale mail (worn)
 c - a +0 shield (worn)
 l - a +0 cloak (worn)
 A - a +0 pair of boots (worn)
Jewellery
 m - an amulet of rage (around neck)
 t - a ring of stealth (left hand)
 w - a +1 ring of protection (right hand)
Scrolls
 g - a scroll of immolation {unknown}
 h - a scroll of teleportation {unknown}
 i - a scroll of blinking {unknown}
 p - 2 scrolls of remove curse {unknown}
 s - a scroll of recharging {unknown}
 v - 2 scrolls of fog {unknown}
 y - a scroll of amnesia {unknown}
 E - a scroll of noise {unknown}
Potions
 d - 3 potions of might
 e - a potion of curing
 j - 3 potions of cancellation
 n - a potion of haste
 q - 2 potions of brilliance
 r - 2 potions of heal wounds
 B - a potion of lignification
 D - a potion of flight {unknown}
Books
 u - a book of Misfortune

   Spells                             Type                      Level
   a - Confusing Touch                Hexes                        1
   b - Confuse                        Hexes                        3
   c - Gell's Gravitas                Hexes/Translocation          3
   d - Petrify                        Transmutation/Earth          4
   e - Metabolic Englaciation         Hexes/Ice                    5
   f - Yara's Violent Unravelling     Hexes/Transmutation          5
Comestibles
 f - 5 bread rations
 z - 2 slices of pizza
 C - 5 fruits


   Skills:
 + Level 5.3 Fighting
 + Level 6.5 Axes
 + Level 5.7 Armour
 + Level 1.5 Dodging
 + Level 5.4 Shields


You had 6 spell levels left.
You didn't know any spells.

Dungeon Overview and Level Annotations

Branches:
Dungeon (5/15)             Temple (1/1) D:4

Altars:
Cheibriados
Dithmenos
Elyvilon
Fedhas
Gozag
Hepliaklqana
Trog
Uskayaw
Vehumet
Xom
The Shining One


Innate Abilities, Weirdness & Mutations

You reflexively headbutt those who attack you in melee.
You have a pair of large horns on your head.
Your body often deteriorates upon taking damage.
You are weak. (Str -2)
Your spells are a little harder to cast, but a little more powerful.
You expend magic power (3 MP) to strengthen your wands.


Message History

As you read the scroll of identify, it crumbles to dust.
q - 2 potions of brilliance
As you read the scroll of identify, it crumbles to dust.
e - a potion of curing
As you read the scroll of identify, it crumbles to dust.
n - a potion of haste
As you read the scroll of identify, it crumbles to dust.
x - a potion of degeneration
As you read the scroll of identify, it crumbles to dust.
B - a potion of lignification Drop what? 30/52 slots (_ for help) (? for menu, Esc to quit)
You drop a potion of degeneration.
You feel extremely strange.
You feel your magical essence link to your wands.
You feel yourself wasting away.
You feel weaker.
You feel extremely strange. The horns on your head grow some more.
You feel your body start to fall apart.
You feel less in control of your magic.
Clearing level map.
Are you sure you want to abandon this character and quit the game? (Confirm with "yes".)

### ... ##...###
##.......#
#........
#........
#.##...##
#@.......
##....#.##
#.#...#.###
##.#......#
##..####.#######
##.# #.#.....#
#.# #.#.....#
..# #.......###
#.. ###.....##.


There were no monsters in sight!

Vanquished Creatures
  Sigmund (D:3)
  An ogre (D:4)
  A water moccasin skeleton (D:4)
  A bullfrog skeleton (D:5)
  Crazy Yiuf (D:2)
  2 centaur skeletons (D:4)
  Natasha (thrice) (D:3)
  A worker ant (D:4)
  A hound skeleton (D:4)
  3 adders
  4 gnolls (D:3)
  2 adder skeletons (D:4)
  6 worms
  4 dart slugs
  4 leopard geckos
  8 bats
  14 giant cockroaches
  4 goblins
  10 hobgoblins
  3 jackals
  2 ball pythons
  2 frilled lizards
  A jackal skeleton (D:4)
  2 kobolds (D:2)
  A leopard gecko skeleton (D:5)
  2 quokka skeletons (D:4)
  5 rats
89 creatures vanquished.

Notes
Turn   | Place    | Note
-------+----------+-------------------------------------------
     0 | D:1      | Dharzhak the Minotaur Fighter began the quest for the Orb.
     0 | D:1      | Reached XP level 1. HP: 19/19 MP: 0/0
   155 | D:1      | Reached XP level 2. HP: 26/27 MP: 1/1
   749 | D:2      | Reached XP level 3. HP: 33/33 MP: 2/2
   927 | D:2      | Reached skill level 3 in Axes
  1187 | D:2      | Reached XP level 4. HP: 41/41 MP: 3/3
  1214 | D:2      | Found a bloodstained altar of Trog.
  1418 | D:2      | Found a runed door.
  1675 | D:3      | Noticed Natasha
  1687 | D:3      | Killed Natasha
  1745 | D:3      | Noticed Natasha
  1752 | D:3      | Killed Natasha
  1752 | D:3      | Reached skill level 4 in Axes
  1752 | D:3      | Reached XP level 5. HP: 18/47 MP: 4/4
  1767 | D:3      | Noticed Natasha
  1781 | D:3      | Killed Natasha
  1991 | D:3      | Noticed Sigmund
  1995 | D:3      | Killed Sigmund
  1995 | D:3      | Reached skill level 5 in Fighting
  1995 | D:3      | Reached skill level 5 in Axes
  1995 | D:3      | Reached skill level 5 in Armour
  1995 | D:3      | Reached skill level 1 in Dodging
  1995 | D:3      | Reached skill level 5 in Shields
  1995 | D:3      | Reached XP level 6. HP: 41/56 MP: 5/5
  2284 | D:3      | Found a faded altar of an unknown god.
  2963 | D:4      | Reached XP level 7. HP: 36/61 MP: 6/6
  3124 | D:4      | Found a staircase to the Ecumenical Temple.
  3143 | Temple   | Entered the Ecumenical Temple
  3178 | Temple   | Became a worshipper of Gozag Ym Sagoz the Greedy
  3258 | D:4      | Reached skill level 6 in Axes
  3548 | D:2      | Noticed Crazy Yiuf
  3556 | D:2      | Killed Crazy Yiuf
  3642 | D:5      | Entered Level 5 of the Dungeon
  3736 | D:5      | Gained mutation: You expend magic power (3 MP) to strengthen your wands. [potion of mutation]
  3736 | D:5      | Gained mutation: Your body sometimes deteriorates upon taking damage. [potion of mutation]
  3736 | D:5      | Gained mutation: You are weak. (Str -2) [potion of mutation]
  3737 | D:5      | Gained mutation: You have a pair of large horns on your head. [potion of mutation]
  3737 | D:5      | Gained mutation: Your body often deteriorates upon taking damage. [potion of mutation]
  3737 | D:5      | Gained mutation: Your spells are a little harder to cast, but a little more powerful. [potion of mutation]
  3738 | D:5      | Quit the game

Vault maps used:
D:1:      lightli_iron_boxes, serial_bayou_pond_a
D:2:      minmay_roachtagon, lemuel_coloured_pillars_altar,
          kennysheep_flooded_box, uniq_crazy_yiuf_cottage
D:3:      chequers_ecumenical_altar_simple, first_bread, uniq_natasha,
          uniq_sigmund
D:4:      kennysheep_potato
D:5:      kennysheep_little_box
Temple:   eino_wide_crystal_templ

Skill      XL: |  1  2  3  4  5  6  7 |
---------------+----------------------+-----
Fighting       | 4 5 |  5.3
Shields        | 4 5 |  5.4
Armour         | 4 5 |  5.7
Axes           | 3 4 5 6 |  6.5
Dodging        | 1 |  1.5

Action                   |  1- 3 |  4- 6 |  7- 9 || total
-------------------------+-------+-------+-------++-------
Melee: War axe           |    85 |   106 |    41 ||   232
       Headbutt          |    13 |    21 |     9 ||    43
  Use: Scroll            |       |       |     7 ||     7
       Potion            |       |       |     2 ||     2
  Eat: Chunk             |     1 |     6 |     1 ||     8
       Beef jerky        |       |       |     1 ||     1
Armor: Scale mail        |    42 |    47 |    13 ||   102
Dodge: Dodged            |    41 |    33 |     9 ||    83
Block: Shield            |    57 |    68 |    24 ||   149
